 Dungeon Crawl Stone Soup version 0.24-a0-512-g2b48af375b (webtiles) character file.

Game seed: 4715356602949337975

624 Gynju the Sneak (level 7, -3/46 HPs)
             Began as an Octopode Wizard on July 20, 2019.
             Slain by a sky beast (6 damage)
             ... on level 5 of the Dungeon.
             The game lasted 00:15:52 (6805 turns).

Gynju the Sneak (Octopode Wizard)                   Turns: 6805, Time: 00:15:53

Health: -3/46      AC:  5    Str:  6    XL:     7   Next: 47%
Magic:  13/13      EV: 13    Int: 22    God:
Gold:   294        SH:  0    Dex: 11    Spells: 3/14 levels left

rFire    x . .     SeeInvis .   z - +0 trident
rCold    + . .     Gourm    .   (no shield)
rNeg     . . .     Faith    .   f - +2 hat
rPois    .         Spirit   .   (no amulet)
rElec    .         Reflect  .   k - ring of ice
rCorr    .         Harm     .   A - +2 ring of protection
MR       .....                  (no ring)
Stlth    ++++......             (no ring)
HPRegen  0.15/turn              (no ring)
MPRegen  0.13/turn              (no ring)
                                (no ring)
                                (no ring)

@: no status effects
A: almost no armour, stealthy swim, amphibious, 8 rings, constrict 8, camouflage
1, gelatinous body 1
a: no special abilities


You were on level 5 of the Dungeon.
You were near starving.

You visited 1 branch of the dungeon, and saw 7 of its levels.

You collected 294 gold pieces.

Inventory:

Hand Weapons
 l - a +0 dagger of venom
 z - a +0 trident (weapon)
Missiles
 h - 89 stones
 n - 47 poisoned darts (quivered)
Armour
 f - a +2 hat (worn)
Jewellery
 k - a ring of ice (left tentacle)
 A - a +2 ring of protection (right tentacle)
Wands
 x - a wand of polymorph (14)
Scrolls
 a - a scroll of identify
 d - a scroll of immolation {unknown}
 e - 2 scrolls of enchant weapon {unknown}
 g - 4 scrolls of teleportation
 m - 2 scrolls of random uselessness {unknown}
 s - 2 scrolls of fog {unknown}
 t - 2 scrolls of enchant armour {unknown}
 v - 2 scrolls of remove curse
 y - a scroll of blinking {unknown}
Potions
 b - a potion of invisibility
 i - a potion of mutation {unknown}
 j - a potion of brilliance
 o - 2 potions of might {unknown}
 p - 5 potions of haste {unknown}
 q - 4 potions of lignification
 r - a potion of resistance {unknown}
 u - 2 potions of flight {unknown}
 w - a potion of curing {unknown}
Comestibles
 c - 9 rations


   Skills:
 + Level 3.2 Fighting
 - Level 2.0 Dodging
 + Level 5.5 Stealth
 + Level 4.2 Spellcasting
 + Level 3.3 Conjurations
 - Level 1.0 Summonings
 - Level 1.0 Translocations
 + Level 2.3 Air Magic
 + Level 2.9 Poison Magic


You had 3 spell levels left.
You knew the following spells:

 Your Spells              Type           Power        Failure   Level  Hunger
a - Magic Dart            Conj           ###.         2%          1    None
b - Blink                 Tloc           N/A          11%         2    #......
c - Call Imp              Summ           #.......     11%         2    #......
d - Mephitic Cloud        Conj/Pois/Air  ###.....     10%         3    ##.....
e - Conjure Flame         Conj/Fire      ##......     17%         3    ##.....

Your spell library contained the following spells:

 Spells                   Type           Power        Failure   Level  Hunger
 Slow                     Hex            #.......     17%         2    #......


Dungeon Overview and Level Annotations

Branches:
Dungeon (7/15)
 Temple: D:4-7

Altars:
Ashenzari
Hepliaklqana
Nemelex Xobeh
Okawaru
Ru

Annotations:
D:3 Ijyb


Innate Abilities, Weirdness & Mutations

You cannot wear most types of armour.
You are very stealthy in the water. (Stealth+)
You are amphibious.
You can wear up to eight rings at the same time.
You can use your tentacles to constrict eight enemies at once.
Your skin changes colour to match your surroundings (Stealth+).
Your rubbery body absorbs attacks. (AC +1, EV +1)


Message History

You squeeze the sky beast, but do no damage.
The sky beast is moderately wounded.
The sky beast completely misses you.
You hit the sky beast.
The sky beast is moderately wounded.
The sky beast flickers out of sight!
Deactivating autopickup; reactivate with Ctrl-A.
Something hits you but does no damage.
You closely miss something. Your squeeze misses something. Something hits you.
Something shocks you. Something hits you but does no damage.
You hit something. Something hits you. Something shocks you.
You closely miss something. Something hits you. Something shocks you.
You miss something. Something hits you.
* * * LOW HITPOINT WARNING * * *
Something shocks you.
* * * LOW HITPOINT WARNING * * *
Something hits you.
* * * LOW HITPOINT WARNING * * *
Something shocks you.
You die...

.#.#
#...........................
##.#
##...#.....#..############.#
##.# #.#.#.#...#..## #.#
.#.. #.#.#)#.###...# #.#
.####.#.#.#.#.# #...# #.# .#
#.#.#.#.#.# #[..# #.# .#
#.#.#.#.#.# #..># #.# .#
#.#.#.#.#.########## #.# .#
#.#<#.#.#...@{≈....# #.# .#
#.#.#.#.##########.# #.#
.####.#.#>#.....# #.#
......#....#....## #.#
######..##...##..## #.#
##..####.####..# #.#
#..##..#'#..##.####.## #.#
#..##.......##.......# #.#
###...##.._..##..####### #.#


There were no monsters in sight!

Vanquished Creatures
  2 ogres
  A scorpion (D:5)
  A bullfrog zombie (D:5)
  A crimson imp (D:4)
  A hound (D:5)
  A bullfrog skeleton (D:4)
  An orc priest (D:4)
  An orc wizard (D:5)
  3 worker ants
  7 adders
  2 worms
  A dart slug (D:2)
  2 leopard geckos (D:3)
  4 orcs
  10 bats
  6 giant cockroaches
  6 goblins
  6 hobgoblins
  4 quokkas
  A ball python (D:1)
  5 frilled lizards
  11 kobolds
  A leopard gecko zombie (D:4)
  5 rats
83 creatures vanquished.

Vanquished Creatures (collateral kills)
  A bullfrog zombie (D:5)
  A leopard gecko (D:5)
  2 orcs (D:5)
4 creatures vanquished.

Vanquished Creatures (others)
  An orc wizard (D:5)
1 creature vanquished.

Grand Total: 88 creatures vanquished

Notes
Turn   | Place    | Note
-------+----------+-------------------------------------------
     0 | D:1      | Gynju the Octopode Wizard began the quest for the Orb.
     0 | D:1      | Reached XP level 1. HP: 11/11 MP: 4/4
   355 | D:1      | Reached skill level 3 in Stealth
   355 | D:1      | Reached XP level 2. HP: 15/18 MP: 0/6
   941 | D:1      | Reached skill level 1 in Fighting
  1511 | D:2      | Reached XP level 3. HP: 23/23 MP: 4/7
  1910 | D:2      | Found an iron altar of Okawaru.
  2224 | D:2      | Reached XP level 4. HP: 28/28 MP: 5/9
  2228 | D:2      | Learned a level 2 spell: Blink
  2231 | D:2      | Learned a level 2 spell: Call Imp
  2235 | D:2      | Learned a level 3 spell: Mephitic Cloud
  2962 | D:3      | Found a faded altar of an unknown god.
  3273 | D:3      | Reached skill level 4 in Stealth
  3278 | D:3      | Noticed Ijyb
  3591 | D:3      | Reached XP level 5. HP: 29/34 MP: 5/10
  3889 | D:3      | Found a shattered altar of Ashenzari.
  4255 | D:4      | Reached skill level 1 in Poison Magic
  4560 | D:4      | Reached skill level 1 in Air Magic
  4849 | D:4      | You fall into a shaft and drop 3 floors!
  4868 | D:7      | Reached XP level 6. HP: 7/41 MP: 3/11
  5114 | D:5      | Entered Level 5 of the Dungeon
  5179 | D:5      | Found a sparkling altar of Nemelex Xobeh.
  5596 | D:4      | Found a hazy altar of Hepliaklqana.
  5597 | D:4      | Found a sacrificial altar of Ru.
  5818 | D:5      | Reached skill level 5 in Stealth
  5824 | D:5      | Learned a level 3 spell: Conjure Flame
  6038 | D:5      | Reached XP level 7. HP: 45/45 MP: 6/13
  6678 | D:5      | Found a sparkling altar of Nemelex Xobeh.
  6805 | D:5      | Slain by a sky beast

Levels and vault maps discovered:
D:1:      dpeg_arrival_court, layout_loops_corners
D:2:      layout_basic, okawaru_ov_weapons_minmay
D:3:      layout_basic, ashenzari_altar_1, chequers_ecumenical_altar_island,
          grunt_decor_mini_mirrors, st_stairs_8, uniq_ijyb
D:4:      layout_gridville, chequers_temple_overflow_statue_of_worship,
          first_ration
D:5:      layout_basic, overflow_temple_1_default,
          minmay_temple_entry_overgrown, grunt_ministairs_10,
          corexii_leaking_fountain, nemelex_lonely_heart_becter
D:6:      cheibrodos_iron_armory, layout_basic
D:7:      layout_rooms, zin_statuary

Skill      XL: |  1  2  3  4  5  6  7 |
---------------+----------------------+-----
Stealth        | 3 4 5 |  5.5
Fighting       | 1 2 3 |  3.2
Conjurations   | 2 3 |  3.3
Poison Magic   | 1 2 |  2.9
Air Magic      | 1 2 |  2.3
Spellcasting   | 4 |  4.2
Dodging        | |  2.0
Summonings     | |  1.0
Translocations | |  1.0

Action                   |  1- 3 |  4- 6 |  7- 9 || total
-------------------------+-------+-------+-------++-------
Melee: Spear             |    17 |       |       ||    17
       Constrict         |     8 |    11 |     3 ||    22
       Tentacles         |     1 |     5 |     4 ||    10
       Dagger            |     8 |    18 |       ||    26
       Falchion          |       |     1 |       ||     1
       Trident           |       |    38 |    43 ||    81
 Cast: Magic Dart        |    73 |   132 |     5 ||   210
       Call Imp          |       |     9 |    13 ||    22
       Mephitic Cloud    |       |     2 |       ||     2
       Conjure Flame     |       |       |     2 ||     2
  Use: Scroll            |     4 |     3 |       ||     7
       Potion            |       |     2 |       ||     2
 Stab: Distracted        |       |     3 |       ||     3
       Sleeping          |       |     1 |       ||     1
  Eat: Chunk             |     4 |    11 |     2 ||    17
Armor: Skin              |     1 |     8 |    17 ||    26
Dodge: Dodged            |    18 |    58 |    20 ||    96

Table legend:
 A = Non-vault XP
 B = Vault XP
 C = Vault XP percentage of total XP
 D = Non-vault monster count
 E = Vault monster count
 F = Vault count percentage of total count
                 A         B        C        D         E       F
            +---------+---------+-------+---------+---------+-------
      Total |     839 |      53 |   5.9 |      86 |       2 |   2.3
            +---------+---------+-------+---------+---------+-------
        D:1 |      33 |       0 |   0.0 |      22 |       0 |   0.0
        D:2 |      66 |       0 |   0.0 |      16 |       0 |   0.0
        D:3 |      94 |       2 |   2.1 |      24 |       1 |   4.0
        D:4 |     254 |       0 |   0.0 |      11 |       0 |   0.0
        D:5 |     332 |      51 |  13.3 |      11 |       1 |   8.3
        D:7 |      60 |       0 |   0.0 |       2 |       0 |   0.0
            +---------+---------+-------+---------+---------+-------
